AoeStats
← 大王同学

Nomad

503604834Analyzed
4v4 RM · 1mo ago on Sep 1, 2026· 44m 8s· 8 players
Game mode
Random Map
Map size
231×231
Population
200
Speed
Normal
Resources
Standard
Victory
Conquest
Starting age
Dark Age
Ending age
Imperial Age
RankedLock teamsTeams togetherTeam positionsShared explorationLock speedFull tech treeHidden civsTurbo modeCheats
Victory
Defeat
🇹🇼 Jurchens · Taiwan
1385
+13
🇳🇿 Italians · New Zealand
1326
+16
🇳🇿 Persians · New Zealand
1313
+16
🇻🇳 Malians · Vietnam
1202
+21
🇦🇷 Japanese · Argentina
1373
-19
🇨🇳 Dravidians · China
1339
-18
🇭🇰 Mapuche · Hong Kong SAR China
1292
-15
🇨🇳 Vietnamese · China
1264
-14
mengxing
5:54 Loom
13:21 Feudal Age
14:04 Double-Bit Axe
18:26 Horse Collar
22:57 Castle Age
24:06 Medium Warships
30:04 Bow Saw
32:02 Heavy Plow
36:24 Wheelbarrow
36:36 Gold Mining
36:37 Stone Mining
40:23 Imperial Age
38:26 Hand Cart
38:40 Pikeman
39:51 Scale Mail Armor
42:39 Imperial Age
大王同学
5:32 Loom
13:58 Feudal Age
14:01 Champi Runner
18:06 Fishing Lines
22:14 Fletching
23:03 Double-Bit Axe
25:28 Stone Mining
33:14 Castle Age
31:40 Gold Mining
31:32 Horse Collar
35:06 Wheelbarrow
36:08 Medium Warships
36:41 Forging
36:46 Bow Saw
37:57 Iron Casting
38:15 Hand Cart
37:46 Town Watch
小传奇
14:40 Feudal Age
19:10 Castle Age
17:39 Double-Bit Axe
17:39 Horse Collar
26:05 Fletching
27:59 Padded Archer Armor
29:57 Town Watch
30:42 Bodkin Arrow
34:26 Thumb Ring
36:42 Wheelbarrow
35:53 Loom
39:10 Imperial Age
37:49 Heavy Plow
38:04 Padded Archer Armor
39:27 Ballistics
39:55 Bracer
41:19 Chemistry
41:47 Leather Archer Armor
42:11 Forging
43:04 Elite Elephant Archer
小离爱吃糖
13:39 Feudal Age
14:31 Fishing Lines
21:01 Castle Age
20:46 Horse Collar
20:59 Double-Bit Axe
34:02 Herbal Medicine
34:15 Stone Mining
34:22 Gold Mining
38:37 Heavy Plow
44:33 Imperial Age
Ayy Lmao
3:45 Loom
13:19 Feudal Age
13:54 Double-Bit Axe
17:26 Fletching
21:54 Castle Age
22:50 Medium Warships
22:48 Bodkin Arrow
24:04 Bow Saw
27:44 Careening
27:39 Horse Collar
29:49 Clinker Construction
30:42 Gold Mining
33:26 Wheelbarrow
36:46 Hand Cart
40:59 Imperial Age
40:48 Scale Mail Armor
40:59 Forging
40:50 Squires
42:29 Heavy Warships
42:46 Dry Dock
43:08 Heavy Plow
越南王力宏
5:00 Loom
14:19 Feudal Age
15:11 Double-Bit Axe
15:30 Town Watch
18:21 Castle Age
17:23 Scale Mail Armor
17:48 Man-at-Arms
18:34 Long Swordsman
20:50 Chain Mail Armor
21:08 Squires
24:02 Arson
24:37 Horse Collar
26:44 Heavy Plow
29:59 Bow Saw
31:06 Wheelbarrow
32:07 Gold Mining
32:08 Stone Mining
37:10 Imperial Age
34:58 Hand Cart
34:42 Pikeman
36:11 Gold Shaft Mining
36:04 Forging
38:35 Plate Mail Armor
37:32 Two-Handed Swordsman
39:23 Iron Casting
39:18 Conscription
38:27 Champion
38:57 Capped Ram
40:43 Fletching
41:47 Crop Rotation
43:06 Coinage
44:40 Banking
44:16 Town Patrol
44:58 Stone Shaft Mining
N1K
5:48 Loom
13:33 Feudal Age
14:21 Feudal Age
18:59 Castle Age
17:42 Horse Collar
18:16 Scale Barding Armor
18:05 Double-Bit Axe
19:50 Chain Barding Armor
20:01 Bow Saw
27:26 Wheelbarrow
29:17 Gold Mining
30:47 Hand Cart
30:40 Heavy Plow
31:55 Gold Shaft Mining
31:21 Town Watch
32:36 Forging
35:30 Imperial Age
33:13 Husbandry
33:24 Bloodlines
35:49 Iron Casting
35:13 Cavalier
35:15 Heavy Camel Rider
37:33 Plate Barding Armor
38:49 Blast Furnace
38:42 Masonry
39:49 Two-Man Saw
39:20 Crop Rotation
39:03 Town Patrol
39:20 Stone Mining
40:48 Architecture
40:10 Savar
43:46 Stone Shaft Mining
天線小號
3:26 Loom
30:56 Feudal Age
31:44 Town Watch
34:48 Castle Age
33:09 Double-Bit Axe
37:03 Bow Saw
39:31 Wheelbarrow
38:40 Horse Collar
40:21 Gold Mining
40:42 Heavy Plow
42:27 Fishing Lines
42:48 Stone Mining
Connection lost

Rejoining the realm…

Still unreachable

The connection could not be restored.

Session expired

The server has moved on; the page needs a fresh start.